cohdb
Replays
Latest Replays
All Replays
Popular Replays
Top Player Replays
Match Explorer
How It Works
Community
CoH3 Stats
Reddit
Sign in to upload your games and track your stats! →
Sign in with Steam
Match 25723138
Unlisted
Match 25723138
Overview
Messages
Build Orders
End
Construct Barracks
Riflemen Squad
M1 Mortar Team
Riflemen Squad
Riflemen Squad
Infantry Support Center
Selects Advanced Infantry Battlegroup
Selects Convert to Ranger Squad
Construct Motor Pool
Selects Frontline Medical Station
Frontline Medical Station
Grenade Package
M1 Anti-tank Gun Team
M1 Anti-tank Gun Team
M1918 Browning Automatic Rifles
Munitions Surplus
Advanced Logistics
Eber
Jonatanga
崔小海
UneXplain
ParadoxJunkie
grzegorz_cegielka
0
0
Comments
sign in to comment!
No comments posted yet!